 Dungeon Crawl Stone Soup version 0.31-a0-217-g58bb5d79cf (webtiles) character file.

Game seed: 5254564769826597530

13 qw the Shooter (level 2, -2/24 HPs)
             Began as a Minotaur Hexslinger on July 2, 2023.
             Slain by Terence
             ... wielding a +0 hand axe
              (4 damage)
             ... on level 2 of the Dungeon.
             The game lasted 00:00:12 (702 turns).

qw the Shooter (Minotaur Hexslinger)                 Turns: 702, Time: 00:00:12

Health: -2/24      AC:  2    Str: 12    XL:     2   Next: 24%
Magic:  2/2        EV: 12    Int: 10    God:
Gold:   52         SH:  0    Dex: 12    Spells: 2/3 levels left

rFire   . . .        Y - +1 sling
rCold   . . .        (no shield)
rNeg    . . .        c - +0 robe
rPois   .            (helmet restricted)
rElec   .            (no cloak)
rCorr   .            (no gloves)
SInv    .            (no boots)
Will    .....        (no amulet)
Stlth   +            (no ring)
HPRegen 0.24/turn    (no ring)
MPRegen 0.08/turn

%: no passive effects
@: about to teleport
A: horns 2, retaliatory headbutt
a: no special abilities


You were on level 2 of the Dungeon.
You visited 1 branch of the dungeon, and saw 2 of its levels.

You collected 52 gold pieces.


Innate Abilities, Weirdness & Mutations

You have a pair of horns on your head.
You reflexively headbutt those who attack you in melee.


   Skills:
 + Level 1.8 Fighting
 - Level 3.0 Ranged Weapons
 - Level 2.1 Dodging
 - Level 1.0 Spellcasting
 - Level 2.0 Hexes


You had 2 spell levels left.
You knew the following spells:

 Your Spells              Type           Power      Damage    Failure   Level
a - Slow                  Hex            16%        N/A       16%         1

Your spell library contained the following spells:

 Spells                   Type           Power      Damage    Failure   Level
 Inner Flame              Hex/Fire       2%         N/A       56%         3
 Portal Projectile        Hex/Tloc       4%         N/A       56%         3
 Cause Fear               Hex            2%         N/A       83%         4

Inventory:

Hand Weapons
 Y - a +1 sling (weapon)
Armour
 a - a +0 ring mail
 c - a +0 robe (worn)
Scrolls
 b - a scroll of teleportation

Dungeon Overview and Level Annotations

Branches:
Dungeon (2/15)

Altars:

Annotations:
D:2 Terence


Message History

The ball python hisses angrily.
Enter note: You shoot a sling bullet.
The sling bullet hits the ball python.
You kill the ball python!
You now have 52 gold pieces (gained 10).
Found a stone staircase leading down.
Enter note:
Enter note:
Enter note:
There is a stone staircase leading down here.
There is a stone staircase leading down here.
Terence the Incautious comes into view.
He is wielding a +0 hand axe.
Enter note:
Enter note: You shoot a sling bullet.
The sling bullet closely misses Terence.
You shoot a sling bullet. The sling bullet barely misses Terence.
You shoot a sling bullet. The sling bullet hits Terence.
Terence is lightly wounded.
You shoot a sling bullet.
The sling bullet hits Terence but does no damage.
Terence is lightly wounded.
You shoot a sling bullet.
The sling bullet hits Terence but does no damage.
Terence is lightly wounded.
Terence hits you with a +0 hand axe.
You shoot a sling bullet.
The sling bullet closely misses Terence.
Terence hits you with a +0 hand axe.
You shoot a sling bullet. The sling bullet hits Terence.
Terence is moderately wounded.
Terence hits you with a +0 hand axe! Terence closely misses you.
701 ||| READING 2 scrolls of teleportation.
As you read the scroll of teleportation, it crumbles to dust.
You feel strangely unstable. Terence hits you with a +0 hand axe.
You shoot a sling bullet. The sling bullet hits Terence.
Terence is heavily wounded.
Terence hits you with a +0 hand axe.
You die...

.###..##.##........#
.####.##.##........#
...................#
.
..####.#.##........#
.. #.#.##...#...##
...
#....#...#...##....
........##.........
....##...#.........
.....##.#...@@.####
......##.#>.###.#
#.#.## .# #.#.# .#
#.#.# ..#.# ###.#
#.# #.#


You could see Terence.

Vanquished Creatures
  2 endoplasms
  A goblin (D:2)
  3 hobgoblins
  A kobold (D:1)
  3 ball pythons
  A bat (D:1)
11 creatures vanquished.

Notes
Turn   | Place    | Note
-------+----------+-------------------------------------------
     0 | D:1      | qw the Minotaur Hexslinger began the quest for the Orb.
     0 | D:1      | Reached XP level 1. HP: 16/16 MP: 1/1
     0 | D:1      | 0 ||| qw: Version: 0.3-a-40-ge99b1a8
     0 | D:1      | 0 ||| qw: Game counter: 7997
     0 | D:1      | 0 ||| qw: Melee chars always use a shield: true
     0 | D:1      | 0 ||| qw: God list: Okawaru
     0 | D:1      | 0 ||| qw: Allow faded altars: false
     0 | D:1      | 0 ||| qw: Do Orc after clearing Dungeon:15 true
     0 | D:1      | 0 ||| qw: Do second Lair branch before Depths: true
     0 | D:1      | 0 ||| qw: Lair rune preference: random
     0 | D:1      | 0 ||| qw: Goals: Normal
     0 | D:1      | 0 ||| PLANNING D:1-11
   473 | D:1      | 473 ||| READING scroll labelled HUUKHL PAGEI.
   477 | D:1      | 477 ||| READING scroll labelled USTOSU SIEGIAWK.
   478 | D:1      | 478 ||| READING scroll labelled UMY ESAYNAROO.
   479 | D:1      | 479 ||| DROPPING scroll of poison.
   518 | D:2      | Reached skill level 3 in Ranged Weapons
   600 | D:2      | Reached XP level 2. HP: 23/23 MP: 2/2
   693 | D:2      | Noticed Terence
   700 | D:2      | HP: 6/24 [Terence/+0 hand axe (8)]
   701 | D:2      | 701 ||| READING 2 scrolls of teleportation.
   701 | D:2      | HP: 2/24 [Terence/+0 hand axe (4)]
   702 | D:2      | Slain by Terence

Levels and vault maps discovered:
D:1:      ebering_trefoil_3fold, layout_basic, dreamdust_mushroom_princess,
          wad_floor_pattern_2, item_on_display_a
D:2:      layout_basic, minmay_tromino_v2, uniq_terence

Skill      XL: |  1 |
---------------+----+-----
Ranged Weapons | 3 |  3.0
Fighting       | |  1.8
Dodging        | |  2.1
Spellcasting   | |  1.0
Hexes          | |  2.0

Action                     || total
---------------------------++-------
   Fire: Sling             ||    39
    Use: Scroll            ||     4
 Armour: Robe              ||     3
  Dodge: Dodged            ||    11

Table legend:
 A = Non-vault XP
 B = Vault XP
 C = Vault XP percentage of total XP
 D = Non-vault monster count
 E = Vault monster count
 F = Vault count percentage of total count
                 A         B        C        D         E       F
            +---------+---------+-------+---------+---------+-------
      Total |      17 |       2 |  10.5 |      10 |       1 |   9.1
            +---------+---------+-------+---------+---------+-------
        D:1 |       9 |       0 |   0.0 |       6 |       0 |   0.0
        D:2 |       8 |       2 |  20.0 |       4 |       1 |  20.0
            +---------+---------+-------+---------+---------+-------
